 Dungeon Crawl Stone Soup version 0.19-a0-1025-g778f431 (webtiles) character file.

9662 4thArraOfDagon the Severer (level 11, -4/73 HPs)
             Began as a Minotaur Berserker on July 28, 2016.
             Was an Elder of Trog.
             Slain by a komodo dragon (23 damage)
             ... on level 4 of the Lair of Beasts.
             The game lasted 00:14:43 (2375 turns).

4thArraOfDagon the Severer (Minotaur Berserker)     Turns: 2375, Time: 00:14:44

Health: -4/73      AC: 14    Str: 25    XL:     11   Next: 26%
Magic:  10/10      EV:  8    Int:  2    God:    Trog [****..]
Gold:   477        SH:  0    Dex: 10    Spells: 0 memorised, 10 levels left

rFire  . . .     SeeInvis .     a - +1 hand axe
rCold  + + .     Gourm    .     A - +0 plate armour
rNeg   . . .     Faith    .     (no shield)
rPois  +         Spirit   .     (helmet restricted)
rElec  +         Dismiss  .     (no cloak)
rCorr  .         Reflect  .     y - +1 pair of gloves
SustAt .         Harm     .     t - +0 pair of boots
MR     .....     Clarity  +     (no amulet)
Stlth  ..........               j - ring of flight
                                g - ring of poison resistance

@: exhausted, slowed, very slow, not resistant to hostile enchantments,
extremely unstealthy
A: retaliatory headbutt, horns 2, berserk 1, blink, clarity, cold resistance 2,
deformed body, dopey 1, frail 1, regeneration 1, screaming 1, electricity
resistance
a: Blink, Berserk, Trog's Hand, Brothers in Arms, Burn Spellbooks, Renounce
Religion, Evoke Flight


You were on level 4 of the Lair of Beasts.
You worshipped Trog.
Trog was greatly pleased with you.
You were very hungry.

You visited 2 branches of the dungeon, and saw 14 of its levels.
You also visited: Volcano.

You collected 503 gold pieces.
You spent 26 gold pieces at shops.

Inventory:

Hand Weapons
 a - a +1 hand axe (weapon)
 h - a +0 broad axe
Armour
 b - a +0 animal skin
 i - a +0 ring mail
 n - a +0 chain mail
 t - a +0 pair of boots (worn)
 y - a +1 pair of gloves (worn)
 A - a +0 plate armour (worn)
 E - a +2 ring mail of fire resistance
Jewellery
 g - a ring of poison resistance (left hand)
 j - a ring of flight (right hand)
Wands
 z - a wand of paralysis (4/24)
 C - a wand of polymorph (6/24)
Scrolls
 d - 4 scrolls of remove curse
 e - 3 scrolls of fog
 l - a scroll of enchant weapon
 p - 2 scrolls of magic mapping
Potions
 m - 2 potions of heal wounds {unknown}
 o - a potion of cancellation
 q - a potion of cure mutation {unknown}
 r - a potion of ambrosia {unknown}
 s - a potion of flight
 u - 2 potions of curing {unknown}
 v - a potion of haste {unknown}
 B - a potion of agility {unknown}
 D - a potion of resistance {unknown}
 F - a potion of berserk rage
Comestibles
 c - 4 bread rations
 f - 4 meat rations


   Skills:
 - Level 3.6 Fighting
 * Level 16.5 Axes
 + Level 12.1 Armour
 - Level 2.1 Dodging


You had 10 spell levels left.
You didn't know any spells.

Dungeon Overview and Level Annotations

Branches:
Dungeon (9/15)             Temple (0/1) D:7            Lair (5/6) D:9
  Snake (0/4) Lair:2
  Swamp: Lair:2-4    Shoals: Lair:2-4     Slime: Lair:5-6       Orc: D:9-12

Altars:
Cheibriados
Nemelex Xobeh
Okawaru
Qazlal
The Shining One

Shops:
D:5 ?

Annotations:
Lair:2 exclusion: upstairs
Lair:3 exclusion: upstairs


Innate Abilities, Weirdness & Mutations

You reflexively headbutt those who attack you in melee.
You have a pair of horns on your head.
You tend to lose your temper in combat.
You can translocate small distances at will.
You possess an exceptional clarity of mind.
Your flesh is very cold resistant. (rC++)
Armour fits poorly on your strangely shaped body.
You are dopey. (Int -2)
You are frail. (-10% HP)
Your natural rate of healing is unusually fast.
You occasionally shout uncontrollably at your foes.
You are resistant to electric shocks. (rElec)


Message History

The komodo dragon barely misses you. You furiously retaliate!
You headbutt the komodo dragon!!
Unknown command.
You slash the komodo dragon! You headbutt the komodo dragon.
The komodo dragon is almost dead.
You miss the wolf.
You are no longer berserk.
You are exhausted.
You feel yourself slow down.
You are feeling very hungry.
Unknown command.
Okay, then.
Unknown command.
Okay, then.
Unknown command.
Okay, then.
Unknown command.
The wolf barely misses you. The wolf bites you but does no damage.
The komodo dragon bites you!!
You die...

.......>...#*,,,,........P*
...........#**####...!...♣##
.#.#......## #.........♣..*
.....#...## ##.....).....♣*
.....##...#**#....♣.♣...♣.♣♣#
..#.........##.......P.P....#
P................h.†..>.....#
#..,,,..#.#)....hl.Y...P....#
,,,*,,,,,,*..##P@h.Y♣)..♣.♣♣#
*,*,**,,,,,,**###YY.......♣,*
,,******,,,,* #...♣.....♣.#*
*** *,,,,***##........#*#
***,,,,* ###.#.#### *,,,**
##### *,,,* **,** ***


You could see 4 elephants, a komodo dragon and 3 wolves.

Vanquished Creatures
  A hydra (Lair:4)
  A fire crab (Volcano)
  Pikel (D:5)
  2 elephants (Lair:4)
  A rime drake (Lair:4)
  2 komodo dragons (Volcano)
  A polar bear (Lair:4)
  A troll (D:9)
  3 blink frogs (Lair:2)
  A spriggan (Lair:4)
  7 fire bats (Volcano)
  A hippogriff (Lair:2)
  A hungry ghost (D:9)
  2 mottled dragons (Volcano)
  3 nagas (Lair:2)
  2 water moccasins (Lair:4)
  A porcupine (Lair:4)
  4 sky beasts
  A black bear (Lair:4)
  2 orc warriors (D:9)
  3 slaves (D:5)
  A necrophage (D:7)
  2 wolves (D:9)
  2 centaurs
  2 ogres
  A crocodile (Lair:4)
  3 big kobolds (D:8)
  A gnoll sergeant (D:9)
  7 giant frogs
  3 scorpions
  4 killer bees (D:9)
  2 howler monkeys
  2 electric eels (D:9)
  2 crimson imps
  7 hounds
  A centaur zombie (D:7)
  A quasit (D:9)
  An orc priest (D:9)
  3 jellies
  An orc wizard (D:7)
  5 sheep (Lair:4)
  A mummy (D:7)
  An adder (D:3)
  10 gnolls
  7 river rats (Lair:2)
  A shadow imp (D:5)
  An ooze (D:2)
  2 adder zombies (D:9)
  2 adder skeletons
  A giant gecko (D:7)
  11 orcs
  A bat (D:2)
  A giant cockroach (D:3)
  4 goblins
  4 hobgoblins (D:2)
  2 jackals (D:9)
  A quokka (D:4)
  A giant newt (D:2)
  2 hobgoblin zombies (D:7)
  13 kobolds (D:8)
  A kobold zombie (D:7)
  An orc zombie (D:7)
  A rat (D:2)
  A plant (Lair:4)
162 creatures vanquished.

Vanquished Creatures (others)
  A jackal (D:9)
1 creature vanquished.

Grand Total: 163 creatures vanquished

Notes
Turn   | Place    | Note
-------+----------+-------------------------------------------
     0 | D:1      | 4thArraOfDagon the Minotaur Berserker began the quest for the Orb.
     0 | D:1      | Reached XP level 1. HP: 19/19 MP: 0/0
    54 | D:2      | Found a faded altar of an unknown god.
    72 | D:2      | Found a snail-covered altar of Cheibriados.
    76 | D:2      | Found a glowing golden altar of the Shining One.
   131 | D:2      | Reached skill level 4 in Axes
   135 | D:2      | Reached XP level 2. HP: 9/26 MP: 1/1
   169 | D:3      | Found a sparkling altar of Nemelex Xobeh.
   238 | D:3      | Reached XP level 3. HP: 9/31 MP: 2/2
   286 | D:4      | Noticed a scorpion
   294 | D:4      | Killed a scorpion
   294 | D:4      | Reached skill level 5 in Axes
   294 | D:4      | Reached XP level 4. HP: 23/39 MP: 3/3
   337 | D:5      | Entered Level 5 of the Dungeon
   352 | D:5      | Reached ** piety under Trog
   400 | D:5      | Reached skill level 6 in Axes
   400 | D:5      | Reached XP level 5. HP: 17/45 MP: 4/4
   413 | D:5      | Noticed a sky beast
   419 | D:5      | Noticed a centaur
   426 | D:5      | Killed a sky beast
   426 | D:5      | Reached skill level 7 in Axes
   426 | D:5      | Reached XP level 6. HP: 10/51 MP: 5/5
   428 | D:5      | Reached skill level 5 in Armour
   446 | D:5      | Gained mutation: Your natural rate of healing is unusually fast. [mutagenic meat]
   449 | D:5      | Gained mutation: You tend to lose your temper in combat. [mutagenic meat]
   452 | D:5      | Gained mutation: You possess an exceptional clarity of mind. [mutagenic meat]
   455 | D:5      | Noticed a sky beast
   466 | D:5      | Killed a sky beast
   466 | D:5      | Reached skill level 8 in Axes
   466 | D:5      | Reached XP level 7. HP: 18/57 MP: 6/6
   475 | D:5      | Gained mutation: You are frail. (-10% HP) [mutagenic meat]
   478 | D:5      | Gained mutation: You are dopey. (Int -2) [mutagenic meat]
   481 | D:5      | Gained mutation: You are partially covered in large bone plates. (AC +2, SH +2) [mutagenic meat]
   484 | D:5      | Gained mutation: Armour fits poorly on your strangely shaped body. [mutagenic meat]
   499 | D:5      | Found Wouzuo's Magic Scroll Boutique.
   504 | D:5      | Bought a scroll of fog for 26 gold pieces
   609 | D:5      | Noticed Pikel
   622 | D:5      | Killed Pikel
   622 | D:5      | Reached skill level 9 in Axes
   622 | D:5      | Reached XP level 8. HP: 29/57 MP: 7/7
   753 | D:6      | Reached skill level 10 in Axes
   967 | D:7      | Reached skill level 11 in Axes
  1028 | D:7      | Gained mutation: Your flesh is cold resistant. (rC+) [mutagenic meat]
  1031 | D:7      | Lost mutation: You are partially covered in large bone plates. (AC +2, SH +2) [mutagenic meat]
  1124 | D:7      | Found a staircase to the Ecumenical Temple.
  1257 | D:8      | Reached XP level 9. HP: 56/63 MP: 8/8
  1272 | D:8      | Reached *** piety under Trog
  1275 | D:8      | Reached skill level 12 in Axes
  1279 | D:8      | ololoev: лол, Сафер знает куда идти
  1303 | D:8      | Sapher: а то
  1304 | D:8      | ololoev: yo 4th
  1359 | D:9      | 4thArraOfDagon: yo sup
  1377 | D:9      | Found a stormy altar of Qazlal.
  1404 | D:9      | ololoev: too much int
  1413 | D:9      | Found an iron altar of Okawaru.
  1431 | D:9      | Noticed a troll
  1442 | D:9      | Reached skill level 13 in Axes
  1445 | D:9      | Killed a troll
  1483 | D:9      | Found a sparkling altar of Nemelex Xobeh.
  1621 | D:9      | ololoev: btw bennu have holy attack
  1622 | D:9      | ololoev: and I was a Ds
  1622 | D:9      | 4thArraOfDagon: mut rulette gone wrong oh well
  1622 | D:9      | ololoev: that's why I died soon
  1639 | D:9      | Found a staircase to the Lair.
  1657 | Lair:1   | Entered Level 1 of the Lair of Beasts
  1670 | Lair:1   | Sapher: yea
  1696 | Lair:1   | Noticed a four-headed hydra
  1706 | Lair:1   | ololoev: thus mummy zig is double fuckup
  1716 | Lair:2   | Reached skill level 10 in Armour
  1721 | Lair:2   | Reached XP level 10. HP: 69/69 MP: 9/9
  1726 | Lair:2   | Reached **** piety under Trog
  1743 | Lair:2   | Reached skill level 14 in Axes
  1811 | Lair:2   | Found a staircase to the Snake Pit.
  1923 | Lair:2   | Noticed an eight-headed hydra
  2013 | Lair:4   | Found a dark tunnel.
  2037 | Volcano  | Entered a volcano
  2075 | Volcano  | Reached skill level 15 in Axes
  2138 | Volcano  | Noticed a fire crab
  2147 | Volcano  | Killed a fire crab
  2224 | Lair:4   | Noticed a seven-headed hydra
  2233 | Lair:4   | Sapher: bad luck
  2244 | Lair:4   | Sapher: he deserves to die)
  2244 | Lair:4   | Reached XP level 11. HP: 46/73 MP: 10/10
  2263 | Lair:4   | Killed a 12-headed hydra
  2263 | Lair:4   | Reached skill level 16 in Axes
  2295 | Lair:4   | ololoev: y don't u use broad axe?
  2299 | Lair:4   | Gained mutation: You can translocate small distances at will. [potion of mutation]
  2299 | Lair:4   | Gained mutation: You occasionally shout uncontrollably at your foes. [potion of mutation]
  2299 | Lair:4   | Gained mutation: Your flesh is very cold resistant. (rC++) [potion of mutation]
  2300 | Lair:4   | Gained mutation: You are resistant to electric shocks. (rElec) [potion of mutation]
  2375 | Lair:4   | Slain by a komodo dragon

Vault maps used:
D:1:      dpeg_arrival_rhombi
D:2:      nicolae_overflow_hidden_temple, ecumenical_altar_2,
          nicolae_ru_path_of_blood
D:3:      lemuel_doored_altar, old_standard_altar, st_stairs_4
D:4:      old_standard_altar, gammafunk_temple_overflow_forgotten, first_bread,
          serial_shops, shop, kennysheep_generic_room_5
D:5:      lemuel_coloured_pillars_altar, serial_shops,
          nicolae_shop_temple_entry_statues_fountains, sigmund_edmund_badplayer,
          uniq_crazy_yiuf_cottage, uniq_pikel
D:6:      uniq_sigmund
D:7:      minmay_mini_ossuary
D:9:      nicolae_qazlal_style_of_elements, erik_lair_island, special_room,
          basic_altar, hangedman_fish_farm, okawaru_ov_weapons_minmay
Lair:1:   grunt_megastairs_1, lemuel_fruit_tree, uniq_joseph
Lair:2:   minmay_guarded_unrand_snakebite, guppyfry_snake_entry_island,
          special_room, beast_lair_carwin_9, lemuel_fruit_fields
Lair:3:   elwin_shoals_entry_rocks, roderic_carrion_pond, grunt_megastairs_5,
          serial_bayou_shore_a, uniq_snorg
Lair:4:   nicolae_volcano_entry_lava_flow, grunt_forest_stairs_clearing
Lair:5:   slime_altar_2, minmay_stone_trees_small, uniq_nessos
Volcano:  volcano_pools

Skill      XL: |  1  2  3  4  5  6  7  8  9 10 11 |
---------------+----------------------------------+-----
Axes           | 4 5 6 7 8 9 11 13 15 16 | 16.5
Armour         | 3 4 5 6 8 10 11 12 | 12.1
Fighting       | |  3.6
Dodging        | |  2.1

Action                   |  1- 3 |  4- 6 |  7- 9 | 10-12 || total
-------------------------+-------+-------+-------+-------++-------
Melee: Hand axe          |    26 |    29 |   212 |   155 ||   422
       Headbutt          |     2 |     7 |    37 |    36 ||    82
Throw: Javelin           |       |       |       |     3 ||     3
       Throwing net      |       |       |       |     1 ||     1
Invok: Berserk           |     2 |     2 |     8 |     7 ||    19
       Trog's Hand       |       |     2 |     5 |     8 ||    15
       Burn Spellbooks   |       |       |     1 |       ||     1
Evoke: Wand              |       |       |       |     1 ||     1
  Use: Potion            |     2 |       |       |     3 ||     5
       Scroll            |       |     2 |     2 |     5 ||     9
  Eat: Chunk             |       |     7 |    18 |     9 ||    34
       Fruit             |       |       |     9 |     4 ||    13
       Beef jerky        |       |       |     1 |       ||     1
Armor: Animal skin       |     1 |       |       |       ||     1
       Ring mail         |     4 |    13 |     4 |    24 ||    45
       Chain mail        |       |       |    93 |       ||    93
       Plate armour      |       |       |    23 |    72 ||    95
Dodge: Dodged            |    14 |    17 |   107 |    71 ||   209
Block: Other             |       |       |     2 |       ||     2
